 Dungeon Crawl Stone Soup version 0.29-a0-1009-g60c99734e7 (webtiles) character file.

Game seed: 9791415861336082630

5105 drugrobin the Cleaver (level 10, -4/84 HPs)
             Began as a Demigod Fighter on Aug 8, 2022.
             Slain by a fire bat (7 damage)
             ... on level 7 of the Dungeon.
             The game lasted 00:24:03 (11972 turns).

drugrobin the Cleaver (Demigod Fighter)            Turns: 11972, Time: 00:24:05

Health: -4/84      AC:  7    Str: 29 (31) XL:     10   Next: 11%
Magic:  7/7        EV: 17    Int:  6 (9)  God:
Gold:   406        SH: 10    Dex: 28 (30) Spells: 13/19 levels left

rFire   . . .      SeeInvis .   a - +6 mace of Hehushrown {antimagic, rC+ Will+ rCorr Str+3}
rCold   + . .      Faith    .   c - +0 buckler
rNeg    . . .      Spirit   .   r - +1 leather armour "Zeodar" {rElec Dex+7}
rPois   .          Reflect  .   N - +0 helmet
rElec   +          Harm     .   o - +0 cloak
rCorr   +          Rampage  .   (no gloves)
Will    +++..                   K - +0 pair of boots
Stlth   ++........              (no amulet)
HPRegen 0.24/turn               A - +6 ring of dexterity
MPRegen 0.10/turn               x - ring of wizardry

@: studying Short Blades
A: high MP 1, forlorn, divine attributes, large bone plates 1, agile 1,
strong-willed 1
a: no special abilities


You were on level 7 of the Dungeon.
You visited 1 branch of the dungeon, and saw 7 of its levels.

You collected 406 gold pieces.

Inventory:

Hand Weapons
 a - the +6 mace of Hehushrown (weapon) {antimagic, rC+ Will+ rCorr Str+3}
   (You found it on level 7 of the Dungeon)

   It reduces the magical energy of the wielder, and disrupts the spells and
   magical abilities of those it strikes.
   Natural abilities and divine invocations are not affected.
   Str:       It affects your strength (+3).
   rC:        It protects you from cold.
   rCorr:     It protects you from acid and corrosion.
   Will:      It increases your willpower.
 b - a +2 war axe of venom
 W - a +2 scimitar of flaming
 X - a +1 hand axe of draining
Missiles
 h - 11 poisoned darts (quivered)
 D - 2 throwing nets
 G - a curare-tipped dart
 H - 4 javelins
 S - 2 boomerangs
Armour
 c - a +0 buckler (worn)
 o - a +0 cloak (worn)
 r - the +1 leather armour "Zeodar" (worn) {rElec Dex+7}
   (You found it on level 3 of the Dungeon)

   Dex:       It affects your dexterity (+7).
   rElec:     It insulates you from electricity.
 v - a +0 ring mail of cold resistance
 K - a +0 pair of boots (worn)
 N - a +0 helmet (worn)
Jewellery
 k - a ring of see invisible
 x - a ring of wizardry (right hand)
 A - a +6 ring of dexterity (left hand)
 Q - a ring of poison resistance
Wands
 q - a wand of iceblast (20)
 L - a wand of mindburst (34)
 P - a wand of digging (1)
 T - a wand of polymorph (4)
 V - a wand of charming (9)
Scrolls
 e - a scroll of butterflies
 i - 2 scrolls of poison
 j - 7 scrolls of teleportation {unknown}
 n - 5 scrolls of fear
 u - 3 scrolls of torment
 w - a scroll of magic mapping
 y - 2 scrolls of immolation
 z - a scroll of enchant armour
 F - 2 scrolls of vulnerability
 I - a scroll of silence
 M - a scroll of summoning
 O - a scroll of identify
 R - 2 scrolls of enchant weapon
Potions
 d - a potion of might
 f - 2 potions of flight {unknown}
 g - 2 potions of degeneration
 l - 3 potions of invisibility
 m - 2 potions of mutation
 p - a potion of brilliance {unknown}
 s - 3 potions of lignification {unknown}
 t - 3 potions of haste
 B - a potion of ambrosia {unknown}
 C - 2 potions of curing {unknown}
 E - 2 potions of magic {unknown}
 J - a potion of heal wounds {unknown}
 U - a potion of attraction {unknown}


   Skills:
 + Level 6.9 Fighting
 + Level 9.3 Axes
 - Level 2.6 Armour
 + Level 5.8 Dodging
 - Level 2.6 Shields
 + Level 5.0 Spellcasting
 + Level 2.3 Evocations


You had 13 spell levels left.
You knew the following spells:

 Your Spells              Type           Power      Damage    Failure   Level
a - Summon Small Mammal   Summ           4%         N/A       17%         1
b - Call Imp              Summ           1%         N/A       26%         2
c - Mephitic Cloud        Conj/Pois/Air  1%         N/A       45%         3

Your spell library contained the following spells:

 Spells                   Type           Power      Damage    Failure   Level
 Freeze                   Ice            4%         1d3       17%         1
 Magic Dart               Conj           4%         1d3       17%         1
 Call Canine Familiar     Summ           1%         N/A       45%         3
 Frozen Ramparts          Ice            2%         1d1       45%         3
 Inner Flame              Hex/Fire       1%         N/A       45%         3
 Ozocubu's Armour         Ice            1%         N/A       45%         3
 Summon Guardian Golem    Hex/Summ       1%         N/A       45%         3
 Cause Fear               Hex            0%         N/A       83%         4
 Fulminant Prism          Conj/Hex       0%         3d6       83%         4
 Hailstorm                Conj/Ice       1%         3d3       83%         4
 Iskenderun's Mystic Bla  Conj/Tloc      1%         2d3       83%         4
 Lee's Rapid Deconstruct  Erth           0%         3d5*      99%         5
 Ozocubu's Refrigeration  Ice            0%         4d7       100%        7
 Discord                  Hex            0%         N/A       100%        8


Dungeon Overview and Level Annotations

Branches:
Dungeon (7/15)             Temple (0/1) D:6

Portals:
Abyss: D:5

Annotations:
D:5 Manisian's ghost, novice SpEn
D:7 2 runed translucent doors


Innate Abilities, Weirdness & Mutations

You have an increased reservoir of magic. (+10% MP)
You shall have no god before yourself.
Your divine heritage dramatically boosts your attributes as you level up.
You are partially covered in large bone plates. (SH +4)
You are agile. (Dex +4, Str/Int -1)
You are strong-willed. (Will+)


Message History

The centaur wields a +0 shortbow.
The centaur shoots an arrow.
You block the arrow.
Unknown command.
Unknown command.
Unknown command.
Aiming: Polymorph
Press: ? - help, Shift-Dir - straight line, f/p - centaur
Aim: a centaur, wielding a +0 shortbow and wearing a ring of fire (unusually resistant, will become a fire bat, a steam dragon, or a naga, chance to affect: 55%)
The centaur evaporates and reforms as a fire bat!
The fire bat closely misses you. The fire bat completely misses you.
Unknown command.
You hit the fire bat.
The fire bat is lightly wounded.
The fire bat completely misses you. The fire bat misses you.
You sock the fire bat!
The fire bat is moderately wounded.
You block the fire bat's attack. x3
You sock the fire bat!
The fire bat is severely wounded.
The fire bat barely misses you.
The fire bat bites you but does no damage.
The fire bat bites you.
* * * LOW HITPOINT WARNING * * *
You are engulfed in flames!
* * * LOW HITPOINT WARNING * * *
Unknown command.
Okay, then.
It was a potion of degeneration.
There was something very wrong with that liquid.
You feel weakened.
You feel dopey.
You feel clumsy.
The fire bat bites you but does no damage.
Unknown command.
Unknown command.
It was a potion of mutation.
You feel extremely strange.
You feel strong-willed.
You feel agile.
Large bone plates grow over parts of your arms.
The fire bat bites you.
* * * LOW HITPOINT WARNING * * *
You are engulfed in flames!
You die...

......#.# #.# #.#.............##.
......#.###.###.#..####.#.#......
..y...#.........#...........##...
#[#########'#########'#####......
.#.#.#### #.#)###.........#......
......##.##.##.##.........#......
.#.#.## #.....#.#.........#.....)
......###.#...###.........#.....)
.#.#.#'..##8##)b@.........'.....)
......###...#.###...(.....#......
.#.#.## #.c...#.#.........#......
......##.##.##.##.........#.####.
.#.#.#### #.#)###.........#.# #.
#†#########'#########'#####.# ##
......#.........#...........# #
##.##.##.#.#.#.##.##.......##
#....## #'#'#'##.##......##


You could see a fire bat.

Vanquished Creatures
  A two-headed ogre (D:7)
  A cyclops (D:7)
  Joseph (D:7)
  A troll (D:7)
  A spriggan (D:7)
  4 yaks
  3 ice beasts
  4 orc warriors
  2 black bears (D:4)
  An ogre (D:6)
  2 phantoms
  2 kobold brigands (D:4)
  A necrophage (D:5)
  A bullfrog (D:7)
  3 scorpions
  7 killer bees (D:7)
  A howler monkey (D:5)
  4 hounds
  2 jellies (D:6)
  A gnoll bouda (D:7)
  2 iguanas
  3 orc wizards
  Robin (D:3)
  9 adders
  7 gnolls
  4 shadow imps
  4 white imps
  2 ufetubi
  A worm (D:3)
  4 dart slugs
  31 orcs
  2 bats (D:3)
  4 endoplasms
  2 giant cockroaches
  17 goblins
  9 hobgoblins
  6 jackals
  A quokka (D:3)
  10 ball pythons
  A frilled lizard (D:3)
  14 kobolds
  A rat (D:2)
178 creatures vanquished.

Vanquished Creatures (collateral kills)
  A yak (D:5)
  A black bear (D:4)
  A hound (D:5)
  2 orcs
  A ball python (D:4)
6 creatures vanquished.

Vanquished Creatures (others)
  A slime creature (D:7)
  2 plants (D:5)
3 creatures vanquished.

Grand Total: 187 creatures vanquished

Notes
Turn   | Place    | Note
-------+----------+-------------------------------------------
     0 | D:1      | drugrobin the Demigod Fighter began the quest for the Orb.
     0 | D:1      | Reached XP level 1. HP: 18/18 MP: 3/3
   383 | D:1      | Reached skill level 2 in Axes
   630 | D:1      | Reached XP level 2. HP: 24/25 MP: 4/4
  1549 | D:2      | Reached XP level 3. HP: 28/31 MP: 5/5
  1732 | D:2      | Reached skill level 3 in Axes
  2109 | D:3      | Identified the +1 leather armour "Zeodar" {rElec Dex+7}
  2367 | D:3      | Reached XP level 4. HP: 33/38 MP: 6/6
  2610 | D:3      | Noticed Robin
  2637 | D:3      | Killed Robin
  3473 | D:4      | Reached skill level 4 in Axes
  3473 | D:4      | Reached skill level 1 in Dodging
  3473 | D:4      | Reached XP level 5. HP: 31/46 MP: 7/7
  3538 | D:4      | Learned a level 1 spell: Summon Small Mammal
  3541 | D:4      | Learned a level 2 spell: Call Imp
  3557 | D:4      | Noticed a black bear
  3600 | D:4      | Killed a black bear
  3763 | D:4      | Noticed a black bear
  3780 | D:4      | Killed a black bear
  3781 | D:4      | Reached skill level 1 in Spellcasting
  3781 | D:4      | Reached XP level 6. HP: 44/52 MP: 6/10
  4095 | D:4      | Reached skill level 5 in Axes
  4710 | D:4      | Identified the +1 leather armour of Privacy {Dex+3}
  5124 | D:4      | Reached XP level 7. HP: 60/60 MP: 12/12
  5238 | D:5      | Entered Level 5 of the Dungeon
  5345 | D:5      | Found a transporter.
  5431 | D:5      | Noticed a yak
  5432 | D:5      | Noticed a yak
  5469 | D:5      | Killed a yak
  5651 | D:5      | Found a transporter.
  5652 | D:5      | Noticed Manisian's ghost (novice SpEn)
  5785 | D:5      | Reached skill level 6 in Axes
  6229 | D:5      | Found a one-way gate to the infinite horrors of the Abyss.
  6238 | D:5      | Noticed a yak
  6256 | D:5      | Noticed a yak
  6262 | D:5      | Noticed a yak
  6275 | D:4      | Killed a yak
  6276 | D:4      | Reached skill level 5 in Fighting
  6276 | D:4      | Reached XP level 8. HP: 34/68 MP: 11/15
  6961 | D:5      | Reached skill level 7 in Axes
  7787 | D:6      | Found a staircase to the Ecumenical Temple.
  7834 | D:6      | Learned a level 3 spell: Mephitic Cloud
  9620 | D:7      | Reached XP level 9. HP: 71/75 MP: 18/18
  9719 | D:7      | Found a large runed translucent door.
  9720 | D:7      | Found a large runed translucent door.
  9844 | D:7      | Noticed a two-headed ogre
 10004 | D:7      | Killed a two-headed ogre
 10005 | D:7      | Reached skill level 8 in Axes
 10005 | D:7      | Reached skill level 5 in Dodging
 10555 | D:7      | Noticed Joseph
 10567 | D:7      | Killed Joseph
 10568 | D:7      | Reached skill level 1 in Evocations
 11208 | D:7      | Reached skill level 9 in Axes
 11267 | D:7      | Noticed Maggie
 11297 | D:7      | Noticed Maggie
 11297 | D:7      | Maggie changed into Maggie the spriggan
 11308 | D:7      | Killed Maggie the spriggan
 11557 | D:7      | Noticed a two-headed ogre
 11557 | D:7      | Noticed a cyclops
 11625 | D:7      | Killed a cyclops
 11626 | D:7      | Reached skill level 5 in Spellcasting
 11626 | D:7      | Reached XP level 10. HP: 52/84 MP: 16/21
 11913 | D:7      | Identified the +6 mace of Hehushrown {antimagic, rC+ Will+
                  | rCorr Str+3}
 11944 | D:7      | Identified the +5 quarterstaff "Awekles" {drain, rPois rN+
                  | Dex+2}
 11972 | D:7      | Gained mutation: You are strong-willed. (Will+) [potion of
                  | mutation]
 11972 | D:7      | Gained mutation: You are agile. (Dex +4, Str/Int -1)
                  | [potion of mutation]
 11972 | D:7      | Gained mutation: You are partially covered in large bone
                  | plates. (SH +4) [potion of mutation]
 11972 | D:7      | HP: 3/84 [fire bat (2)]
 11972 | D:7      | Slain by a fire bat

Illustrated notes

Levels and vault maps discovered:
D:1:      dpeg_arrival_water_fire, layout_loops_corners,
          dreamdust_ecumenical_altar_angels_and_demons, minmay_distorted
D:2:      layout_basic
D:3:      layout_basic, mainiacjoe_overflow_brackets, uniq_robin
D:4:      cheibrodos_thug_alley, layout_basic, lemuel_doored_altar,
          minmay_crossroads
D:5:      layout_loops_ring, mainiacjoe_overflow_six_doors_small,
          nicolae_hepliaklqana_hazy_memory, gammafunk_ghost_abyssal_escape
D:6:      layout_layer_cave, mainiacjoe_overflow_concentric_impassable,
          minmay_temple_entry_stoned_glass
D:7:      minmay_the_grid_plus [minmay_the_grid_tree,
          minmay_the_grid_minigrid_small_alt, minmay_the_grid_empty,
          minmay_the_grid_minigrid_large, minmay_the_grid_prize_trominoes],
          layout_rooms, jmf_multi_god_temple2, uniq_joseph, uniq_maggie

Skill      XL: |  1  2  3  4  5  6  7  8  9 |
---------------+----------------------------+-----
Axes           | 2 3 4 5 6 7 9 |  9.3
Fighting       | 3 4 5 6 |  6.9
Dodging        | 1 2 3 4 5 |  5.8
Spellcasting   | 1 2 3 5 |  5.0
Evocations     | 2 |  2.3
Armour         | |  2.6
Shields        | |  2.6

Action                   |  1- 3 |  4- 6 |  7- 9 | 10-12 || total
-------------------------+-------+-------+-------+-------++-------
Melee: War axe           |   105 |    82 |   170 |    19 ||   376
       Short sword       |       |     4 |       |       ||     4
       Hand axe          |       |    46 |   101 |       ||   147
       Dagger            |       |       |    10 |       ||    10
       Mace              |       |       |       |     9 ||     9
Throw: Dart              |       |     1 |     7 |       ||     8
 Cast: Summon Small Mamm |       |     2 |     6 |       ||     8
       Call Imp          |       |     1 |     9 |     2 ||    12
       Mephitic Cloud    |       |       |     8 |       ||     8
Evoke: Wand              |       |       |     2 |     5 ||     7
  Use: Scroll            |       |     6 |     8 |     1 ||    15
       Potion            |       |     2 |       |     2 ||     4
 Stab: Sleeping          |       |     3 |       |       ||     3
       Confused          |       |       |    10 |       ||    10
       Distracted        |       |       |     2 |       ||     2
Armor: Scale mail        |    35 |       |       |       ||    35
       Leather armour    |     6 |    53 |    61 |     9 ||   129
Dodge: Dodged            |    48 |   100 |   135 |    26 ||   309
Block: Buckler           |    27 |    56 |    49 |    11 ||   143

Table legend: (Time is in decaauts)
 A = Elapsed time spent in this place.
 B = Non-inter-level travel time spent in this place.
 C = Inter-level travel time spent in this place.
 D = Time resting spent in this place.
 E = Time spent auto-exploring this place.
 F = Levels seen in this place.
 G = Mean time per level.
                   A        B        C        D        E       F      G
               +--------+--------+--------+--------+--------+-----+--------+
         Total |  12059 |  11658 |    401 |   3161 |   6160 |   7 | 1722.7 |
       Dungeon |  12059 |  11658 |    401 |   3161 |   6160 |   7 | 1722.7 |
               +--------+--------+--------+--------+--------+-----+--------+

Top non-repeatable levels by time:
     D:5: 2292 daAuts
     D:7: 2236 daAuts
     D:4: 2019 daAuts
     D:6: 1963 daAuts
     D:3: 1466 daAuts
     D:2: 1053 daAuts
     D:1: 1028 daAuts
